Herovato, lawful male human Samurai ---------- |........| ------------- |...<....| |...........| |........| |.......}.}.| --------------- ##.........| #-......}...}| |...(..........########--.-+----- ###|.}.......}.| |..|..........| ################ #####|...........| |.............| # ## ### -----|---|--- | |.....*........##### #### # ####### .>}}}}| |.............| # # ### # # -- --------------- # ## # # -.---.--### # |......|# ### |[.....|# # |.(....-# -------.---- --- |.....^| |..F...........| -------- |...@f.......... |....Mf........| ---------------- Herovato the Ninja Experience level: 8 Strength: 18/01 Dexterity: 12 Constitution: 18 Intelligence: 8 Wisdom: 7 Charisma: 8 Health: 0(76) Energy: 31(31) Def: 7 Gold: 1309 Moves: 4825 Dungeon seed: pJ6o5Nj6ZYbSH8Tk Game ID: Herovato_1497033623 Your Inventory: Coins $ - 1309 gold pieces Weapons a - a +1 katana (weapon in hand) b - a +2 wakizashi c - a +1 yumi (alternate weapon; not wielded) d - 40 +0 ya (in quiver) A - 7 +0 shuriken Armor e - an uncursed rustproof +0 splint mail (being worn) n - a cursed -2 elven leather helm (being worn) q - an uncursed +1 elven shield (being worn) y - an uncursed +0 mummy wrapping z - an uncursed +0 oilskin cloak (being worn) Scrolls m - an uncursed scroll of identify C - an uncursed scroll of light Potions J - a potion of unholy water L - an uncursed potion of sake Wands f - a wand of probing (0:3) u - a wand of cancellation (1:8) Tools g - an uncursed blindfold j - an uncursed leash F - an uncursed mirror Spells and supernatural/magical abilities: Name Level Category Fail Memory W - pray for help -- divine ? -- Your skills at the end: Miscellaneous Skills martial arts [Basic] wands [Basic] stealth [Basic] Weapon Skills short sword [Skilled] long sword [Basic] bow [Basic] Spellcasting Skills Final Attributes: You were fervently aligned. Your writing hand was a little cramped from use. You were somewhat stealthy. You were fast. You were lucky. You are dead. Vanquished creatures: a crocodile a wraith a wolf a leprechaun 2 dwarf mummies 2 brown puddings 3 Green-elves 2 piranhas a gnome mummy an ape an imp a wood nymph a pony a fog cloud a gnome lord a gnomish wizard a golden naga hatchling 4 giant ants 2 puppies a floating eye 3 kobold lords an iguana 2 rothes a jitterbug 5 dwarf zombies 2 wererats 11 killer bees an acid blob 2 geckos 2 hobgoblins 4 giant rats a cave spider a brown mold a yellow mold a green mold a red mold 4 garter snakes 10 manes 2 gnome zombies 10 jackals 6 newts 2 goblins 5 sewer rats 4 grid bugs 4 bats a lichen a kobold zombie 117 creatures vanquished. Voluntary challenges: You did not cause conflict. You did not have reflection. You were not displaced. You used a wielded weapon 168 times, starting on turn 15. You did not use tools. You did not use sinks. You read items or engraved 10 times, starting on turn 19. You never genocided any monsters. You never polymorphed an object. You never changed form. You used no wishes. You split 2 puddings, starting on turn 2844. You wrote Elbereth's name 1 time, starting on turn 4766. You never violated your personal moral code. Dungeon overview: The Dungeons of Doom: levels 1 to 12 Level 1 a fountain a long staircase Level 2 Level 3 a scroll shop, a fountain Level 4 some fountains, a sink a long staircase Level 5 a sink Level 6 many fountains Level 7 an altar to Susanowo, a fountain Level 8 Level 9 Level 10 some fountains Level 11 a throne Level 12 <- You were here History has recorded: On T:1 you entered the Dungeons of Doom to retrieve the Amulet of Yendor! On T:255 you reached level 2 of The Dungeons of Doom. On T:695 you advanced to experience level 2. On T:841 you reached level 3 of The Dungeons of Doom. On T:1072 you reached level 4 of The Dungeons of Doom. On T:1277 you advanced to experience level 3. On T:1551 you reached level 5 of The Dungeons of Doom. On T:1589 you reached level 6 of The Dungeons of Doom. On T:1591 you prayed to Amaterasu Omikami. On T:1608 you advanced to experience level 4. On T:2062 you advanced to experience level 5. On T:2081 you advanced to experience level 6. On T:2684 you reached level 7 of The Dungeons of Doom. On T:2959 you prayed to Amaterasu Omikami. On T:3288 you advanced to experience level 7. On T:3460 you reached level 8 of The Dungeons of Doom. On T:3714 you reached level 9 of The Dungeons of Doom. On T:3890 you reached level 10 of The Dungeons of Doom. On T:4098 you advanced to experience level 8. On T:4264 you reached level 11 of The Dungeons of Doom. On T:4329 you prayed to Amaterasu Omikami. On T:4690 you reached level 12 of The Dungeons of Doom. Score breakdown: Gold: 1309 ( 130 points) Experience: 8 levels ( 700 points) Exploration: 12 levels ( 330 points) Discoveries: 18 items ( 900 points) Variety of kills: 47 monsters ( 2000 points) Major goal: (nothing yet) ( 0 points) Survival: died (score multiplied by 3) Total score: 12180 Latest messages: Water gushes forth from the overflowing fountain! The fountain dries up! You stop exploring. You are now wielding your wakizashi. a - a +1 katana (alternate weapon; not wielded). You are now wielding your yumi. The ya hits the giant mummy. The ya hits the giant mummy. The giant mummy scratches you! (2x) The housecat bites the giant mummy. The housecat misses the giant mummy. You are now wielding your katana. c - a +1 yumi (alternate weapon; not wielded). You hack the giant mummy! The giant mummy scratches you! (2x) You die... Your body rises from the dead as a human mummy... Final status: Sayonara Herovato the Samurai, killed by a giant mummy... You died in The Dungeons of Doom on dungeon level 12 with 12180 points, and 1309 pieces of gold, after 4825 moves. You were level 8 with a maximum of 76 hit points when you died.